 Dungeon Crawl Stone Soup version 0.25-a0-503-ge281fa673e (webtiles) character file.

Game seed: 1117397281484870641, levelgen mode: deterministic

276 Reg1 the Digger (level 6, -5/32 HPs)
             Began as a Gargoyle Earth Elementalist on Feb 13, 2020.
             Killed from afar by an orc wizard (8 damage)
             ... with a puff of flame
             ... on level 4 of the Dungeon.
             The game lasted 00:29:41 (3456 turns).

Reg1 the Digger (Gargoyle Earth Elementalist)       Turns: 3456, Time: 00:29:42

Health: -5/32      AC:  6    Str: 11    XL:     6   Next: 25%
Magic:  0/12       EV: 12    Int: 18    God:
Gold:   209        SH:  0    Dex: 10    Spells: 8/14 levels left

rFire    . . .     SeeInvis .   (no weapon)
rCold    . . .     Gourm    .   (no shield)
rNeg     + . .     Faith    .   c - +0 robe
rPois    ∞         Spirit   +   (no helmet)
rElec    +         Reflect  .   s - scarf {Spirit}
rCorr    .         Harm     .   (no gloves)
MR       .....                  (no boots)
Stlth    ++........             (no amulet)
HPRegen  0.10/turn              (no ring)
MPRegen  0.13/turn              (no ring)

@: slowed, very slow
A: negative energy resistance 1, electricity resistance, unbreathing,
petrification resistance, rot immunity, AC +4
a: no special abilities


You were on level 4 of the Dungeon.
You were not hungry.

You visited 1 branch of the dungeon, and saw 4 of its levels.

You collected 209 gold pieces.

Inventory:

Missiles
 b - 192 stones (quivered)
 l - 12 sling bullets
Armour
 c - a +0 robe (worn)
 n - a cursed +0 pair of gloves
 s - a scarf of spirit shield (worn)
Magical Staves
 r - an uncursed staff of power
Jewellery
 i - a cursed ring of attention
Wands
 a - a wand of flame (9)
Scrolls
 f - 2 scrolls of remove curse
 g - 2 scrolls of identify
 j - a scroll of fear
 k - 3 scrolls of teleportation {unknown}
 m - a scroll of noise {unknown}
 o - a scroll of enchant weapon
Potions
 e - a potion of brilliance
 h - a potion of invisibility {unknown}
 p - a potion of curing {unknown}
 t - a potion of agility {unknown}
Comestibles
 d - 8 rations
 q - 2 chunks of flesh


   Skills:
 + Level 0.1 Fighting
 + Level 2.1 Dodging
 + Level 2.3 Stealth
 * Level 4.6 Spellcasting
 + Level 0.7 Transmutations
 * Level 5.5 Earth Magic


You had 8 spell levels left.
You knew the following spells:

 Your Spells              Type           Power        Failure   Level  Hunger
a - Sandblast             Erth           ###...       1%          1    None
b - Stone Arrow           Conj/Erth      ##....       14%         3    ###....
c - Passwall              Tmut/Erth      ###.....     6%          2    #......

Your spell library contained the following spells:

 Spells                   Type           Power        Failure   Level  Hunger
 Petrify                  Tmut/Erth      ###.....     36%         4    ####...
 Lee's Rapid Deconstruct  Erth           ###.......   38%         5    ######.


Dungeon Overview and Level Annotations

Branches:
Dungeon (4/15)
 Temple: D:4-7

Altars:
Ashenzari
Fedhas
Trog


Innate Abilities, Weirdness & Mutations

You are resistant to torment.
Your stone body is resilient. (AC +4)
You are immune to poison.
You resist negative energy. (rN+)
You are resistant to electric shocks. (rElec)
You can survive without breathing.
You are immune to petrification.
You are immune to rotting.


Message History

A worker ant comes into view.
The worker ant twitches its antennae in your direction.
The orc wizard barely misses you.
The orc wizard hits you but does no damage.
The orc wizard misses you. The orc wizard closely misses you.
The orc wizard hits you but does no damage.
The orc wizard gestures wildly while chanting.
The orc wizard blinks!
The orc wizard hits you but does no damage.
The orc wizard hits you with a +0 dagger.
* * * LOW HITPOINT WARNING * * *
The orc wizard hits you with a +0 dagger.
* * * LOW HITPOINT WARNING * * *
Unknown command.
The orc wizard casts a spell.
The orc wizard blinks!
The worker ant barely misses you. The orc wizard casts a spell at you.
The puff of flame hits you!
You die...

#.......# #......#
##.......######......#######
.........†...)..............
#.......######...>..####.##
#..........##.......#
#......###..#....o..#
#......#.'..........#
#....###.###..o.....#
#....#..:..#..§@##'##
#....###.###..oa##.#
##......#.#......##.##
........###..#...##..#
..##......§.##...###.# ..
####...####...# #.# .
#....## #...# #.# . #.####
#...###.####.... #.
#...#............


You could see a worker ant and 3 orc wizards.

Vanquished Creatures
  A scorpion (D:4)
  An orc wizard (D:4)
  Terence (D:2)
  6 adders
  An ooze (D:1)
  An adder skeleton (D:3)
  3 worms (D:2)
  3 dart slugs
  A leopard gecko (D:2)
  9 orcs
  A giant cockroach (D:3)
  14 goblins
  9 hobgoblins
  2 jackals (D:3)
  A quokka (D:3)
  10 bats
  8 frilled lizards
  11 kobolds
  9 rats
92 creatures vanquished.

Notes
Turn   | Place    | Note
-------+----------+-------------------------------------------
     0 | D:1      | Reg1 the Gargoyle Earth Elementalist began the quest for
                  | the Orb.
     0 | D:1      | Reached XP level 1. HP: 10/10 MP: 3/3
    66 | D:1      | Reached skill level 4 in Earth Magic
   120 | D:1      | Reached XP level 2. HP: 6/15 MP: 0/5
   667 | D:1      | Reached XP level 3. HP: 19/19 MP: 3/6
   672 | D:1      | Learned a level 3 spell: Stone Arrow
   675 | D:1      | Learned a level 2 spell: Passwall
  1269 | D:2      | Noticed Terence
  1292 | D:2      | Found a shattered altar of Ashenzari.
  1339 | D:2      | Killed Terence
  1339 | D:2      | Reached skill level 5 in Earth Magic
  1339 | D:2      | Reached XP level 4. HP: 22/24 MP: 0/8
  1882 | D:2      | Found a bloodstained altar of Trog.
  2296 | D:3      | Reached XP level 5. HP: 28/28 MP: 2/10
  2716 | D:3      | Found a blossoming altar of Fedhas.
  3430 | D:4      | Reached XP level 6. HP: 22/32 MP: 3/12
  3456 | D:4      | Killed from afar by an orc wizard

Levels and vault maps discovered:
D:1:      dpeg_arrival_refuge, layout_basic
D:2:      layout_basic, lightli_temple_of_fire, ashenzari_altar_1,
          serial_corexii_hall, chequers_hall_statues_wall_a,
          corexii_hall_statues_l, uniq_terence
D:3:      layout_loops_ring, lemuel_crystal_altar, first_ration,
          grunt_ministairs_7, kennysheep_minor_cross
D:4:      corexii_shack_village, layout_basic, gup_sewer_entry_bubbles,
          minmay_a_box_with_orc_wizards_in_it

Skill      XL: |  1  2  3  4  5 |
---------------+----------------+-----
Earth Magic    | 4 5 |  5.5
Spellcasting   | 3 4 |  4.6
Dodging        | 2 |  2.1
Fighting       | |  0.1
Stealth        | |  2.3
Transmutations | |  0.7

Action                   |  1- 3 |  4- 6 || total
-------------------------+-------+-------++-------
Melee: Unarmed           |     5 |     2 ||     7
 Cast: Sandblast         |    54 |    86 ||   140
       Stone Arrow       |     3 |       ||     3
       Passwall          |       |     4 ||     4
  Use: Scroll            |     8 |     2 ||    10
       Potion            |     5 |     1 ||     6
  Eat: Ration            |     1 |     1 ||     2
       Chunk             |       |     2 ||     2
Armor: Robe              |    30 |    20 ||    50
Dodge: Dodged            |    56 |    33 ||    89

Table legend:
 A = Non-vault XP
 B = Vault XP
 C = Vault XP percentage of total XP
 D = Non-vault monster count
 E = Vault monster count
 F = Vault count percentage of total count
                 A         B        C        D         E       F
            +---------+---------+-------+---------+---------+-------
      Total |     291 |     104 |  26.3 |      80 |      12 |  13.0
            +---------+---------+-------+---------+---------+-------
        D:1 |      39 |       0 |   0.0 |      21 |       0 |   0.0
        D:2 |      89 |      32 |  26.4 |      26 |       1 |   3.7
        D:3 |      89 |      16 |  15.2 |      32 |       2 |   5.9
        D:4 |      74 |      56 |  43.1 |       1 |       9 |  90.0
            +---------+---------+-------+---------+---------+-------
